 Dungeon Crawl Stone Soup version 0.31-a0-210-gccc998df9b (webtiles) character file.

Game seed: 831868911922140429

121 123456 the Trooper (level 4, -6/41 HPs)
             Began as a Minotaur Fighter on June 30, 2023.
             Killed by divine providence
             ... invoked by an orc priest
              (16 damage)
             ... on level 3 of the Dungeon.
             The game lasted 00:04:16 (2235 turns).

123456 the Trooper (Minotaur Fighter)               Turns: 2235, Time: 00:04:17

Health: -6/41      AC:  7    Str: 23    XL:     4   Next: 77%
Magic:  3/3        EV: 10    Int:  5    God:
Gold:   34         SH:  4    Dex:  9    Spells: 3/3 levels left

rFire   . . .        a - +0 flail
rCold   . . .        c - +0 buckler
rNeg    . . .        b - +0 scale mail
rPois   .            (helmet restricted)
rElec   .            (no cloak)
rCorr   .            (no gloves)
SInv    .            (no boots)
Will    .....        (no amulet) Stlth
                     (no ring)
HPRegen 0.26/turn    (no ring)
MPRegen 0.08/turn

%: no passive effects
@: no status effects
A: horns 2, retaliatory headbutt
a: no special abilities


You were on level 3 of the Dungeon.
You visited 1 branch of the dungeon, and saw 3 of its levels.

You collected 76 gold pieces.
You spent 42 gold pieces at shops.

Inventory:

Hand Weapons
 a - a +0 flail (weapon)
Armour
 b - a +0 scale mail (worn)
 c - a +0 buckler (worn)
Wands
 k - a wand of digging (14)
 o - a wand of flame (11)
Scrolls
 e - a scroll of silence {unknown}
 f - 4 scrolls of teleportation {unknown}
 g - 2 scrolls of torment {unknown}
 j - a scroll of fear {unknown}
 l - a scroll of poison {unknown}
Potions
 d - 2 potions of might
 h - a potion of brilliance {unknown}
 i - a potion of haste {unknown}
 m - a potion of berserk rage {unknown}
 n - 3 potions of curing


   Skills:
 * Level 4.8 Fighting
 * Level 4.0 Maces & Flails
 + Level 4.3 Armour
 + Level 1.6 Dodging
 - Level 3.6 Shields


You had 3 spell levels left.
You didn't know any spells.
Your spell library contained the following spells:

 Spells                   Type           Power      Damage    Failure   Level
 Beastly Appendage        Tmut           0%         N/A       85%         1
 Wereblood                Tmut           0%         N/A       94%         2
 Spider Form              Tmut/Pois      0%         N/A       99%         3
 Tukima's Dance           Hex            0%         N/A       99%         3
 Passage of Golubria      Tloc           0%         N/A       100%        4
 Yara's Violent Unravell  Hex/Tmut       0%         3d3       100%        5


Dungeon Overview and Level Annotations

Branches:
Dungeon (3/15)

Altars:
Yredelemnul

Shops:
D:1 ((!   D:2 ?


Innate Abilities, Weirdness & Mutations

You have a pair of horns on your head.
You reflexively headbutt those who attack you in melee.


Message History

You barely miss the orc priest. Your headbutt misses the orc priest.
The orc priest mumbles some strange prayers to Beogh against you.
Beogh smites you!
The orc priest calls down the wrath of Beogh upon you.
Beogh smites you!
You are too injured to fight recklessly!
You are too injured to fight recklessly!
Hit: a) +0 flail
Press: ? - help, Dir - move target, f - orc priest
Aim: an orc priest, wielding a +0 hand axe (about 44% to evade your +0 flail)
Okay, then.
You barely miss the orc priest. Your headbutt misses the orc priest.
The orc priest closely misses you. You furiously retaliate!
You headbutt the orc priest! You hit the orc priest.
The orc priest is severely wounded.
The orc priest hits you but does no damage.
You barely miss the orc priest.
The orc priest is severely wounded.
You block the orc priest's attack.
You closely miss the orc priest.
The orc priest is severely wounded.
The orc priest closely misses you.
You closely miss the orc priest.
You headbutt the orc priest, but do no damage.
The orc priest is severely wounded.
The orc priest hits you but does no damage.
You block the orc priest's attack.
You closely miss the orc priest. Your headbutt misses the orc priest.
The orc priest is severely wounded.
The orc priest hits you with a +0 hand axe!
* * * LOW HITPOINT WARNING * * *
You hit the orc priest. Your headbutt misses the orc priest.
The orc priest is almost dead.
The orc priest looks satisfied for a moment.
You completely miss the orc priest.
The orc priest is almost dead.
The orc priest calls down the wrath of Beogh upon you.
Beogh smites you!
You die...

#.# #.# # #.# #.# #.
#.# #.# .##.## #.# #.#
..#..# ##.##########.#
#....###.............#
##.....##..############
#.......#.........
#$....@...####.###
#....o..### ##.....##
##..$## ##.# #. #. #.


You could see an orc priest.

Vanquished Creatures
  An orc priest (D:2)
  Jessica (D:2)
  3 worms (D:2)
  2 dart slugs
  An orc (D:2)
  3 endoplasms
  5 giant cockroaches
  4 goblins
  7 hobgoblins (D:1)
  7 kobolds
  4 quokkas
  8 bats
  3 rats
49 creatures vanquished.

Notes
Turn   | Place    | Note
-------+----------+-------------------------------------------
     0 | D:1      | 123456 the Minotaur Fighter began the quest for the Orb.
     0 | D:1      | Reached XP level 1. HP: 19/19 MP: 0/0
   150 | D:1      | Found Ganuach's Weapon Emporium.
   154 | D:1      | Reached XP level 2. HP: 16/27 MP: 1/1
   353 | D:1      | Found Hymasex's Distillery.
   491 | D:1      | Found Ezeohoun's Weapon Boutique.
   619 | D:1      | Reached XP level 3. HP: 33/33 MP: 2/2
   961 | D:2      | Reached skill level 1 in Dodging
  1329 | D:1      | Bought a potion of curing for 42 gold pieces
  1415 | D:2      | Noticed Jessica
  1420 | D:2      | Killed Jessica
  1421 | D:2      | Reached XP level 4. HP: 37/41 MP: 3/3
  1527 | D:2      | Found Abicodeg's Magic Scroll Shop.
  1850 | D:3      | Found a basalt altar of Yredelemnul.
  2235 | D:3      | Killed from afar by an orc priest

Illustrated notes

Levels and vault maps discovered:
D:1:      dpeg_arrival_windows_large_door, layout_basic, serial_shops,
          nicolae_shop_gibbet_a_chance, nicolae_shop_window_shopping,
          nicolae_shop_advertising_works [nicolae_subvault_shop_adworks],
          minmay_tiny_reverse_x
D:2:      layout_basic, serial_shops, shop, chequers_jeans, uniq_jessica
D:3:      layout_loops_ring, mainiacjoe_overflow_alcove_1,
          kennysheep_generic_room_9

Skill      XL: |  1  2  3  4 |
---------------+-------------+-----
Fighting       | 4 |  4.8
Maces & Flails | 3 4 |  4.0
Armour         | 4 |  4.3
Dodging        | 1 |  1.6
Shields        | |  3.6

Action                     |  1- 3 |  4- 6 || total
---------------------------+-------+-------++-------
  Melee: Flail             |    91 |    26 ||   117
         Headbutt          |    15 |     2 ||    17
   Stab: Distracted        |     1 |       ||     1
 Armour: Scale mail        |    35 |    11 ||    46
  Dodge: Dodged            |    35 |     9 ||    44
  Block: Buckler           |    14 |     7 ||    21

Table legend: (Time is in decaauts)
 A = Elapsed time spent in this place.
 B = Non-inter-level travel time spent in this place.
 C = Inter-level travel time spent in this place.
 D = Time resting spent in this place.
 E = Time spent auto-exploring this place.
 F = Levels seen in this place.
 G = Mean time per level.
                   A        B        C        D        E       F      G
               +--------+--------+--------+--------+--------+-----+--------+
         Total |   2268 |   2121 |    147 |    211 |   1585 |   3 |  756.0 |
       Dungeon |   2268 |   2121 |    147 |    211 |   1585 |   3 |  756.0 |
               +--------+--------+--------+--------+--------+-----+--------+

Top non-repeatable levels by time:
     D:2: 1085 daAuts
     D:1: 971 daAuts
     D:3: 211 daAuts
